 Dungeon Crawl Stone Soup version 0.31-a0-986-g5e6e4ef867 (webtiles) character file.

Game seed: 15226498820125340624

116 croobank the Trooper (level 4, -7/37 HPs)
             Began as a Mummy Monk on Nov 6, 2023.
             Mangled by Terence
             ... wielding a +0 trident
              (11 damage)
             ... on level 2 of the Dungeon.
             The game lasted 00:09:15 (1943 turns).

croobank the Trooper (Mummy Monk)                   Turns: 1943, Time: 00:09:15

Health: -7/37      AC:  2    Str: 14    XL:     4   Next: 70%
Magic:  4/4        EV: 13    Int: 11    God:
Gold:   99         SH:  0    Dex: 14    Spells: 3/3 levels left

rFire   x . .        a - +0 short sword
rCold   + . .        c - orb {light}
rNeg    + + +        e - +0 robe
rPois   ∞            (no helmet)
rElec   .            (no cloak)
rCorr   .            (no gloves)
SInv    .            (no boots)
Will    .....        (no amulet)
Stlth   +            (no ring)
HPRegen 0.26/turn    (no ring)
MPRegen 0.09/turn

%: faith
@: glowing
A: cold resistance 1, negative energy resistance 3, torment resistance 2, heat
vulnerability 1, in touch with death 1, no potions, faith
a: no special abilities


You were on level 2 of the Dungeon.
You visited 1 branch of the dungeon, and saw 3 of its levels.

You collected 99 gold pieces.

Inventory:

Hand Weapons
 a - a +0 short sword (weapon)
 b - a +0 sling
 d - a +0 mace
 f - a +0 rapier
 g - a +0 hand axe
 h - a +0 dagger
Missiles
 i - 4 boomerangs (quivered)
Armour
 c - an orb of light (worn)
 e - a +0 robe (worn)


   Skills:
 + Level 4.1 Fighting
 + Level 3.2 Short Blades
 + Level 3.2 Dodging


You had 3 spell levels left.
You didn't know any spells.
Your spell library was empty.

Dungeon Overview and Level Annotations

Branches:
Dungeon (3/15)

Altars:

Annotations:
D:2 Terence


Innate Abilities, Weirdness & Mutations

You are immune to poison.
Your flesh is cold resistant. (rC+)
You are immune to negative energy. (rN+++)
You are immune to unholy pain and torment.
You are vulnerable to heat. (rF-)
You are in touch with the powers of death.
You do not drink.
You have a special connection with the divine. (Faith)


Message History

Terence is lightly wounded.
You barely miss Terence.
Terence is lightly wounded.
Terence hits you with a +0 trident.
You hit Terence but do no damage.
Terence is lightly wounded.
Terence barely misses you.
You hit Terence.
Terence is lightly wounded.
Terence closely misses you.
You hit Terence but do no damage.
Terence is lightly wounded.
Terence closely misses you.
You hit Terence.
Terence is moderately wounded.
You hit Terence but do no damage.
Terence is moderately wounded.
Terence says, "Time to say good-bye..."
Terence hits you with a +0 trident!
You hit Terence but do no damage.
Terence is moderately wounded.
Terence hits you with a +0 trident!
* * * LOW HITPOINT WARNING * * *
You hit Terence but do no damage.
Terence is moderately wounded.
Terence hits you with a +0 trident.
* * * LOW HITPOINT WARNING * * *
You hit Terence.
Terence is heavily wounded.
Terence closely misses you.
Your library has no spells.
You hit Terence but do no damage.
Terence is heavily wounded.
Terence hits you with a +0 trident.
* * * LOW HITPOINT WARNING * * *
Terence hits you from afar with a +0 trident.
* * * LOW HITPOINT WARNING * * *
There is a stone staircase leading down here.
Terence hits you from afar with a +0 trident!
You die...

*,* #.# *..# **,** ##'## *#.#
*,,,* ##...## #.# **,***
##.....## ##.# *.*,**
##.......## ###..####
**.?..####.....%...###.......###
*,.......'.....)...+.......>....
*,....####.........###....##.###
*,.,,** ##..@.@..## #.#..##.#
****,* ##.....## #....##.# *,*
##...## #.#####.# *,* ##'##
#.......# *,* #.#######.#######
*,**#######.#.......#
*,*,........#.#######
*,*,######....# *,*,* #.....#


You could see Terence.

Vanquished Creatures
  Robin (D:2)
  3 gnolls
  An adder (D:2)
  2 dart slugs
  2 ball pythons (D:1)
  2 endoplasms (D:1)
  8 goblins
  9 hobgoblins
  6 jackals
  5 kobolds
  6 quokkas
  3 bats
  5 frilled lizards
  4 rats
57 creatures vanquished.

Notes
Turn   | Place    | Note
-------+----------+-------------------------------------------
     0 | D:1      | croobank the Mummy Monk began the quest for the Orb.
     0 | D:1      | Reached XP level 1. HP: 18/18 MP: 1/1
   146 | D:1      | Reached XP level 2. HP: 24/24 MP: 2/2
   536 | D:1      | Reached XP level 3. HP: 29/29 MP: 3/3
   908 | D:2      | Noticed Robin
  1497 | D:2      | Killed Robin
  1522 | D:2      | Reached XP level 4. HP: 23/37 MP: 4/4
  1814 | D:2      | Reached skill level 4 in Fighting
  1918 | D:2      | Noticed Terence
  1943 | D:2      | Mangled by Terence

Illustrated notes

Levels and vault maps discovered:
D:1:      ncdulo_halloftheorcs, layout_rooms
D:2:      layout_loops_corners, uniq_terence, uniq_natasha, uniq_robin,
          uniq_sigmund
D:3:      layout_loops_ring

Skill      XL: |  1  2  3  4 |
---------------+-------------+-----
Short Blades   | 3 |  3.2
Dodging        | 3 |  3.2
Fighting       | 4 |  4.1

Action                     |  1- 3 |  4- 6 || total
---------------------------+-------+-------++-------
  Melee: Short sword       |   125 |    70 ||   195
   Fire: Sling             |    78 |     3 ||    81
    Use: Scroll            |     1 |       ||     1
 Armour: Robe              |    66 |    31 ||    97
  Dodge: Dodged            |    90 |    47 ||   137

Table legend: (Time is in decaauts)
 A = Elapsed time spent in this place.
 B = Non-inter-level travel time spent in this place.
 C = Inter-level travel time spent in this place.
 D = Time resting spent in this place.
 E = Time spent auto-exploring this place.
 F = Levels seen in this place.
 G = Mean time per level.
                   A        B        C        D        E       F      G
               +--------+--------+--------+--------+--------+-----+--------+
         Total |   1930 |   1881 |     49 |    479 |    819 |   3 |  643.3 |
       Dungeon |   1930 |   1881 |     49 |    479 |    819 |   3 |  643.3 |
               +--------+--------+--------+--------+--------+-----+--------+

Top non-repeatable levels by time:
     D:1: 1015 daAuts
     D:2: 840 daAuts
     D:3: 73 daAuts
